 Dungeon Crawl Stone Soup version 0.25-a0-290-g4a1327ee3a (webtiles) character file.

Game seed: 12670795434669258125, levelgen mode: deterministic

7630 night the Fighter (level 11, -1/71 HPs)
             Began as a Gargoyle Warper on Dec 13, 2019.
             Was an Elder of Kikubaaqudgha.
             Slain by an ice beast (14 damage)
             ... on level 10 of the Dungeon.
             The game lasted 00:58:29 (15122 turns).

night the Fighter (Gargoyle Warper)                Turns: 15122, Time: 00:58:31

Health: -1/71      AC: 22    Str: 15    XL:     11   Next: 18%
Magic:  15/16      EV: 10    Int: 17    God:    Kikubaaqudgha [****..]
Gold:   577        SH:  0    Dex: 11    Spells: 4/16 levels left

rFire    . . .     SeeInvis .   N - +2 flail (crush)
rCold    . . .     Gourm    .   (no shield)
rNeg     + . .     Faith    .   h - +0 scale mail
rPois    ∞         Spirit   .   n - +0 helmet
rElec    +         Reflect  .   k - +0 cloak
rCorr    .         Harm     .   (no gloves)
MR       +....                  S - +0 pair of boots
Stlth    ..........             w - amulet of magic regeneration
HPRegen  0.21/turn              v - ring of protection from magic
MPRegen  0.40/turn              I - ring of wizardry

@: no status effects
A: slimy green scales 1, agile 1, negative energy resistance 1, electricity
resistance, unbreathing, petrification resistance, rot immunity, AC +8
a: Receive Corpses, Renounce Religion


You were on level 10 of the Dungeon.
You worshipped Kikubaaqudgha.
Kikubaaqudgha was greatly pleased with you.
You were not hungry.

You visited 1 branch of the dungeon, and saw 10 of its levels.
You also visited: Ossuary.

You collected 577 gold pieces.

Inventory:

Hand Weapons
 a - a +0 mace
 u - a +2 whip of freezing
 C - a +0 shortbow
 F - a +2 dagger of holy wrath
 N - a +2 flail of crushing (weapon)
 R - a +0 morningstar of protection
Missiles
 e - 5 boomerangs of dispersal
 g - 157 arrows
 G - 31 poisoned darts (quivered)
 M - 12 boomerangs
Armour
 h - a +0 scale mail (worn)
 k - a +0 cloak (worn)
 n - a +0 helmet (worn)
 S - a +0 pair of boots (worn)
Jewellery
 v - a ring of protection from magic (left hand)
 w - an amulet of magic regeneration (around neck)
 I - a ring of wizardry (right hand)
Wands
 D - a wand of flame (21)
 J - a wand of iceblast (4)
Scrolls
 c - a scroll of identify
 d - 2 scrolls of blinking
 j - 3 scrolls of noise
 o - 7 scrolls of remove curse
 r - 2 scrolls of immolation {unknown}
 s - 5 scrolls of fog
 t - a scroll of random uselessness {unknown}
 x - 5 scrolls of amnesia
 y - 3 scrolls of enchant weapon
 A - 3 scrolls of enchant armour
 B - 2 scrolls of teleportation {unknown}
 E - 3 scrolls of magic mapping {unknown}
 P - 2 scrolls of silence {unknown}
Potions
 b - 2 potions of resistance
 i - 2 potions of might
 l - 2 potions of magic
 m - 3 potions of flight
 p - 4 potions of heal wounds
 q - 6 potions of curing
 z - 4 potions of brilliance
 H - 2 potions of invisibility
 K - 2 potions of agility
 L - 2 potions of lignification
 O - a potion of cancellation
 Q - a potion of berserk rage
Comestibles
 f - 20 rations
 T - 3 chunks of flesh


   Skills:
 + Level 9.5 Fighting
 + Level 8.7 Maces & Flails
 - Level 0.8 Throwing
 + Level 9.0 Armour
 - Level 1.6 Dodging
 + Level 3.4 Spellcasting
 + Level 2.3 Necromancy
 - Level 7.5 Translocations


You had 4 spell levels left.
You knew the following spells:

 Your Spells              Type           Power        Failure   Level  Hunger
a - Blink                 Tloc           N/A          1%          2    ##.....
b - Shroud of Golubria    Chrm/Tloc      ###...       7%          2    ##.....
c - Teleport Other        Tloc           ####....     2%          3    ###....
d - Passage of Golubria   Tloc           N/A          9%          4    ####...
e - Pain                  Necr           ##..         9%          1    None

Your spell library contained the following spells:

 Spells                   Type           Power        Failure   Level  Hunger
 Gell's Gravitas          Tloc           ####......   2%          3    ###....
 Lesser Beckoning         Tloc           ####......   2%          3    ###....
 Animate Skeleton         Necr           N/A          9%          1    None
 Corpse Rot               Necr/Air       N/A          19%         2    ##.....
 Regeneration             Chrm/Necr      #.........   34%         3    ###....
 Dispel Undead            Necr           ##......     89%         5    ######.
 Borgnjor's Vile Clutch   Necr/Erth      #.........   96%         5    ######.
 Excruciating Wounds      Chrm/Necr      #.........   96%         5    ######.
 Death Channel            Necr           ##........   100%        6    #######
 Simulacrum               Ice/Necr       #.........   100%        6    #######


Dungeon Overview and Level Annotations

Branches:
Dungeon (10/15)            Temple (0/1) D:6             Orc (0/2) D:9
Ossuary (visited)
   Lair: D:8-11

Altars:
Ashenzari
Cheibriados
Elyvilon
Fedhas
Hepliaklqana
Kikubaaqudgha
Sif Muna
Uskayaw
Vehumet
Xom
Yredelemnul
Zin
The Shining One

Annotations:
D:10 Fannar


Innate Abilities, Weirdness & Mutations

You are resistant to torment.
Your stone body is resilient. (AC +8)
You are immune to poison.
You resist negative energy. (rN+)
You are resistant to electric shocks. (rElec)
You can survive without breathing.
You are immune to petrification.
You are immune to rotting.
You are partially covered in slimy green scales. (AC +2)
You are agile. (Dex +2)


Message History

The ice beast hits you but does no damage.
Your passage of Golubria closes with a snap!
You closely miss Fannar.
Fannar is severely wounded.
Fannar hits you but does no damage.
The ice beast hits you but does no damage.
You closely miss Fannar.
Fannar is severely wounded.
The ice beast hits you but does no damage.
You barely miss the ice beast. The ice beast hits you.
The ice beast freezes you.
* * * LOW HITPOINT WARNING * * *
Unknown command.
You hit the ice beast.
The ice beast is lightly wounded.
The ice beast hits you.
* * * LOW HITPOINT WARNING * * *
The ice beast freezes you!
You die...
Kikubaaqudgha rasps: "You have failed me!
Welcome... oblivion!"

#+#....#####§.....#
#....#...#....%.#
#....#...#......#
#....'...#......+
#....#...#......#
###....##..#......#+##
#.......#######......#
#.......#.....#......#
#.......#..Y@)#......+
#.......####Y##e.....#
#..........eo........#
#....................#
#.......)............#
#....................#
#.......#######......#
#.......# #......#
#.......# '......#


You could see Fannar, 2 ice beasts and an orc.

Vanquished Creatures
  Pikel (D:7)
  Grinder (D:6)
  Prince Ribbit (D:7)
  A hippogriff (D:9)
  A human (D:8)
  Menkaure (D:5)
  4 wargs (D:9)
  2 water moccasins
  4 orc warriors
  4 slaves (D:7)
  A sky beast (D:10)
  A necrophage (D:9)
  A black bear (D:6)
  A hornet zombie (D:9)
  4 ice beasts
  8 ogres
  3 centaurs (D:8)
  A crocodile (D:9)
  A big kobold (D:7)
  3 elf zombies (Ossuary)
  A wyvern zombie (D:6)
  3 bullfrogs
  5 scorpions
  3 wyvern skeletons (D:9)
  6 killer bees (D:7)
  8 howler monkeys
  10 wights
  3 crimson imps
  A centaur zombie (D:6)
  A bullfrog zombie (D:9)
  A jelly (D:5)
  5 orc priests
  14 orc wizards
  6 hounds
  2 bullfrog skeletons
  Terence (D:3)
  An iguana (D:8)
  10 worker ants
  5 mummies
  14 gnolls
  10 adders
  2 oozes (D:1)
  2 adder zombies (D:5)
  An adder skeleton (D:4)
  4 worms
  2 dart slugs
  3 leopard geckos
  32 orcs
  5 giant cockroaches
  10 goblins
  3 hobgoblins
  14 jackals
  5 quokkas
  2 ball pythons
  3 bats
  6 frilled lizards
  A gnoll zombie (Ossuary)
  A goblin zombie (Ossuary)
  2 hobgoblin zombies (Ossuary)
  A jackal skeleton (D:7)
  A jackal zombie (Ossuary)
  11 kobolds
  A kobold zombie (Ossuary)
  An orc zombie (Ossuary)
  3 rats (D:2)
  2 rat zombies (Ossuary)
  A spectral orc (D:6)
273 creatures vanquished.

Vanquished Creatures (others)
  A human (D:2)
1 creature vanquished.

Grand Total: 274 creatures vanquished

Notes
Turn   | Place    | Note
-------+----------+-------------------------------------------
     0 | D:1      | night the Gargoyle Warper began the quest for the Orb.
     0 | D:1      | Reached XP level 1. HP: 12/12 MP: 3/3
   257 | D:1      | Reached XP level 2. HP: 14/18 MP: 5/5
   364 | D:1      | Learned a level 2 spell: Blink
   463 | D:1      | Reached XP level 3. HP: 22/23 MP: 6/6
  1673 | D:2      | Found an ancient bone altar of Kikubaaqudgha.
  1675 | D:2      | Noticed a human
  1676 | D:2      | Killed a human
  1681 | D:2      | Became a worshipper of Kikubaaqudgha
  1918 | D:2      | Reached XP level 4. HP: 13/28 MP: 7/7
  2562 | D:3      | Noticed Terence
  2568 | D:3      | Learned a level 2 spell: Shroud of Golubria
  2580 | D:3      | Killed Terence
  2580 | D:3      | Reached XP level 5. HP: 28/33 MP: 8/8
  3903 | D:4      | Reached XP level 6. HP: 38/38 MP: 9/9
  4017 | D:4      | Reached * piety under Kikubaaqudgha
  4017 | D:4      | Identified Kikubaaqudgha's Reference Book on Stolen Souls
                  | (Kikubaaqudgha gifted it to you on level 4 of the Dungeon)
  4017 | D:4      | Received a gift from Kikubaaqudgha
  4130 | D:4      | Found a sand-covered staircase.
  4144 | Ossuary  | Entered an ossuary
  4150 | Ossuary  | Gained mutation: You are partially covered in slimy green
                  | scales. (AC +2) [potion of mutation]
  4150 | Ossuary  | Gained mutation: You are agile. (Dex +2) [potion of
                  | mutation]
  4261 | Ossuary  | Reached XP level 7. HP: 16/44 MP: 10/10
  4519 | Ossuary  | Reached skill level 5 in Fighting
  5359 | D:4      | Found a radiant altar of Vehumet.
  5359 | D:4      | Found a shattered altar of Ashenzari.
  5403 | D:5      | Entered Level 5 of the Dungeon
  5436 | D:5      | Reached XP level 8. HP: 44/50 MP: 11/11
  5470 | D:5      | Reached skill level 5 in Maces & Flails
  5743 | D:5      | Reached skill level 5 in Translocations
  5887 | D:5      | Reached ** piety under Kikubaaqudgha
  6042 | D:5      | Reached skill level 5 in Armour
  6106 | D:5      | Noticed Menkaure
  6119 | D:5      | Killed Menkaure
  6528 | D:5      | Learned a level 3 spell: Teleport Other
  6803 | D:6      | Reached XP level 9. HP: 8/56 MP: 12/12
  6809 | D:6      | HP: 2/56 [something/magic dart (7)]
  7163 | D:6      | Found a staircase to the Ecumenical Temple.
  7164 | D:6      | Noticed Grinder
  7222 | D:6      | Paralysed by Grinder for 4 turns
  7251 | D:6      | Killed Grinder
  8134 | D:6      | Learned a level 4 spell: Passage of Golubria
  8173 | D:6      | Found a blossoming altar of Fedhas.
  8380 | D:6      | Found a basalt altar of Yredelemnul.
  8380 | D:6      | Found a snail-covered altar of Cheibriados.
  8383 | D:6      | Found a shattered altar of Ashenzari.
  8383 | D:6      | Found a white marble altar of Elyvilon.
  8383 | D:6      | Found a shimmering altar of Xom.
  8515 | D:6      | Found a basalt altar of Yredelemnul.
  8839 | D:6      | Found a hide-covered altar of Uskayaw.
  9094 | D:7      | Found a glowing silver altar of Zin.
  9095 | D:7      | Found a white marble altar of Elyvilon.
  9099 | D:7      | Found a glowing golden altar of the Shining One.
  9204 | D:7      | Found a hazy altar of Hepliaklqana.
  9225 | D:7      | Found a shimmering blue altar of Sif Muna.
  9499 | D:7      | Reached *** piety under Kikubaaqudgha
  9499 | D:7      | Identified Kikubaaqudgha's Guide on Black Secrets
                  | (Kikubaaqudgha gifted it to you on level 7 of the Dungeon)
  9499 | D:7      | Received a gift from Kikubaaqudgha
  9622 | D:7      | Found a glowing golden altar of the Shining One.
  9726 | D:7      | Reached XP level 10. HP: 34/64 MP: 13/13
 10210 | D:7      | Noticed Pikel
 10249 | D:7      | Killed Pikel
 11000 | D:8      | Noticed Prince Ribbit
 11077 | D:7      | Killed Prince Ribbit
 11898 | D:8      | Found an ancient bone altar of Kikubaaqudgha.
 12501 | D:9      | Reached **** piety under Kikubaaqudgha
 12513 | D:9      | Reached skill level 1 in Necromancy
 13829 | D:9      | Reached XP level 11. HP: 55/71 MP: 15/15
 13937 | D:9      | Noticed a cyclops
 14253 | D:8      | Learned a level 1 spell: Pain
 14628 | D:9      | Found a staircase to the Orcish Mines.
 14881 | D:10     | Entered Level 10 of the Dungeon
 15046 | D:10     | Noticed Fannar
 15122 | D:10     | Slain by an ice beast

Levels and vault maps discovered:
D:1:      dpeg_arrival_signposts, layout_basic
D:2:      layout_basic, tgw_kikubaaqudgha
D:3:      layout_rooms, nicolae_overflow_hidden_temple, uniq_terence
D:4:      layout_loops_cross, gammafunk_temple_overflow_elements,
          gup_ossuary_entry_pyramid
D:5:      layout_rooms, first_ration, uniq_menkaure
D:6:      layout_basic, doesnt_xom_only_xom, kennysheep_mini,
          yredelemnul_forgotten_temple_becter, minmay_temple_entry_arrows,
          uniq_grinder
D:7:      layout_loops_cross, good_gods_temple_1, overflow_temple_1_default,
          basic_altar, tso_altar, uniq_pikel
D:8:      layout_cave_pools, nicolae_overflow_crystal_walls, grunt_pizzeria,
          uniq_prince_ribbit1
D:9:      layout_basic, minmay_orc_entry_guard_dogs, lightli_fourway_metalbox
D:10:     layout_gridville, uniq_fannar

Skill      XL: |  1  2  3  4  5  6  7  8  9 10 11 |
---------------+----------------------------------+-----
Fighting       | 3 4 5 6 8 9 |  9.5
Translocations | 3 4 5 6 7 |  7.5
Maces & Flails | 3 4 6 7 8 |  8.7
Armour         | 2 3 4 5 7 8 9 |  9.0
Necromancy     | 1 2 |  2.3
Spellcasting   | 3 |  3.4
Throwing       | |  0.8
Dodging        | |  1.6

Action                   |  1- 3 |  4- 6 |  7- 9 | 10-12 || total
-------------------------+-------+-------+-------+-------++-------
Melee: Mace              |   147 |   306 |   890 |   632 ||  1975
       Dagger            |       |       |     5 |       ||     5
       Flail             |       |       |       |   178 ||   178
       Whip              |       |       |       |    10 ||    10
Throw: Dart              |       |       |       |    19 ||    19
 Cast: Blink             |     1 |       |     1 |     1 ||     3
       Shroud of Golubri |       |     2 |    29 |    24 ||    55
       Teleport Other    |       |       |     9 |     5 ||    14
       Passage of Golubr |       |       |       |    10 ||    10
       Pain              |       |       |       |     1 ||     1
Evoke: Wand              |       |       |     9 |     2 ||    11
  Use: Potion            |       |     6 |     2 |       ||     8
       Scroll            |       |       |     4 |     9 ||    13
  Eat: Chunk             |     3 |     8 |    21 |    21 ||    53
       Ration            |       |       |     1 |     1 ||     2
Armor: Scale mail        |    72 |   277 |   486 |   500 ||  1335
Dodge: Dodged            |    67 |   195 |   420 |   450 ||  1132

Table legend:
 A = Non-vault XP
 B = Vault XP
 C = Vault XP percentage of total XP
 D = Non-vault monster count
 E = Vault monster count
 F = Vault count percentage of total count
                 A         B        C        D         E       F
            +---------+---------+-------+---------+---------+-------
      Total |    7920 |    2980 |  27.3 |     238 |      31 |  11.5
            +---------+---------+-------+---------+---------+-------
        D:1 |      48 |       0 |   0.0 |      22 |       0 |   0.0
        D:2 |      50 |       0 |   0.0 |      18 |       0 |   0.0
        D:3 |     180 |      36 |  16.7 |      24 |       1 |   4.0
        D:4 |     410 |      21 |   4.9 |      10 |       1 |   9.1
        D:5 |     872 |     172 |  16.5 |      28 |       1 |   3.4
        D:6 |    1394 |     259 |  15.7 |      29 |       2 |   6.5
        D:7 |    1314 |     952 |  42.0 |      30 |       2 |   6.2
        D:8 |    1424 |     207 |  12.7 |      24 |       1 |   4.0
        D:9 |    1894 |     960 |  33.6 |      43 |       7 |  14.0
       D:10 |     334 |       0 |   0.0 |      10 |       0 |   0.0
    Ossuary |       0 |     373 | 100.0 |       0 |      16 | 100.0
            +---------+---------+-------+---------+---------+-------
